 Dungeon Crawl Stone Soup version 0.26-b1-32-g5d43845318 (webtiles) character file.

Game seed: 2407075677850984605

63114 Borgoz the Grappler (level 15, -5/123 (135) HPs)
             Began as a Ghoul Gladiator on Jan 12, 2021.
             Was the Champion of Okawaru.
             Slain by a death yak (22 damage)
             ... on level 6 of the Lair of Beasts.
             The game lasted 00:39:15 (21169 turns).

Borgoz the Grappler (Ghoul Gladiator)              Turns: 21169, Time: 00:39:16

HP:   -5/123 (135)  AC: 19    Str: 27    XL:     15   Next: 8%
MP:   17/17         EV: 22    Int:  6    God:    Okawaru [******]
Gold: 1084          SH:  0    Dex: 14    Spells: 14/14 levels left

rFire    . . .     SeeInvis .     - Unarmed
rCold    + + .     Faith    +   u - +0 buckler {reflect}
rNeg     + + +     Spirit   .   h - +3 ring mail {rC+}
rPois    ∞         Reflect  +   x - +1 hat {Int+3}
rElec    .         Harm     .   g - +1 cloak
rCorr    .         Rampage  .   (no gloves)
Will     ++...                  b - +2 pair of boots {run}
Stlth    +.........             y - amulet of faith
HPRegen  0.00/turn              s - ring of willpower
MPRegen  0.15/turn              t - +6 ring of strength

@: confused, heroism, drained, quick
A: claws 1, cold resistance 1, negative energy resistance 3, inhibited
regeneration, torment resistance, unbreathing
a: Renounce Religion, Heroism, Finesse


You were on level 6 of the Lair of Beasts.
You worshipped Okawaru.
Okawaru was exalted by your worship.
You visited 3 branches of the dungeon, and saw 20 of its levels.
You also visited: Ossuary.

You collected 1396 gold pieces.
You spent 312 gold pieces at shops.

Inventory:

Hand Weapons
 w - the +6 mace of the Blue Skies {vamp, rC+ SInv}
   (Okawaru gifted it to you on level 3 of the Lair of Beasts)

   It inflicts no extra harm, but heals its wielder when it wounds a living foe.
   It protects you from cold.
   It lets you see invisible.
 C - the +5 demon trident of Exchange {drain, *Drain +Fly rElec Stlth+}
   (Okawaru gifted it to you on level 6 of the Lair of Beasts)

   A truly terrible weapon, it drains the life of those it strikes.
   It insulates you from electricity.
   It lets you fly.
   It causes draining when unequipped.
   It makes you more stealthy.
Missiles
 c - a throwing net (quivered)
Armour
 b - a +2 pair of boots of running (worn)
 g - a +1 cloak (worn)
 h - a +3 ring mail of cold resistance (worn)
 u - a +0 buckler of reflection (worn)
 x - a +1 hat of intelligence (worn)
Jewellery
 e - an uncursed ring of protection from cold
 f - an uncursed ring of flight
 o - an uncursed amulet of regeneration
 q - the ring "Wecis" {rPois rF+ rN+}
   (You found it on level 8 of the Dungeon)

   [ring of protection from fire]

   It protects you from fire.
   It protects you from poison.
   It protects you from negative energy.
 s - a ring of willpower (left claw)
 t - a +6 ring of strength (right claw)
 y - an amulet of faith (around neck)
 E - a +4 ring of protection
Wands
 m - a wand of acid (9)
 D - a wand of paralysis (10)
 F - a wand of iceblast (8)
Scrolls
 a - 6 scrolls of teleportation
 d - 7 scrolls of remove curse
 k - 2 scrolls of fog
 l - a scroll of blinking
 n - 3 scrolls of fear
 r - a scroll of enchant armour
 B - a scroll of magic mapping
Potions
 i - a potion of invisibility
 j - 2 potions of flight
 p - 2 potions of curing
 v - a potion of resistance
 z - a potion of might
 A - a potion of ambrosia


   Skills:
 + Level 13.0(18.0) Fighting
 - Level 1.7(6.7) Throwing
 * Level 11.6(16.6) Armour
 * Level 11.9(16.9) Dodging
 + Level 4.7(9.7) Stealth
 - Level 5.0(10.0) Shields
 + Level 13.2(18.2) Unarmed Combat
 - Level 5.0 Invocations
 + Level 3.5 Evocations


You had 14 spell levels left.
You didn't know any spells.
Your spell library contained the following spells:

 Spells                   Type           Power        Failure   Level
 Apportation              Tloc           0%           54%         1
 Foxfire                  Conj/Fire      0%           54%         1
 Magic Dart               Conj           0%           54%         1
 Sandblast                Erth           0%           54%         1
 Shock                    Conj/Air       0%           54%         1
 Sting                    Tmut/Pois      0%           54%         1
 Passwall                 Tmut/Erth      0%           67%         2
 Searing Ray              Conj           0%           67%         2
 Dazzling Flash           Conj/Hex       0%           88%         3
 Lesser Beckoning         Tloc           0%           88%         3
 Mephitic Cloud           Conj/Pois/Air  0%           88%         3
 Stone Arrow              Conj/Erth      0%           88%         3
 Tukima's Dance           Hex            0%           88%         3
 Cause Fear               Hex            0%           99%         4
 Fulminant Prism          Conj/Hex       0%           99%         4
 Iskenderun's Mystic Bla  Conj/Tloc      0%           99%         4
 Petrify                  Tmut/Erth      0%           99%         4
 Summon Lightning Spire   Summ/Air       0%           99%         4
 Alistair's Intoxication  Tmut/Pois      0%           100%        5
 Bolt of Magma            Conj/Fire/Erth 0%           100%        5
 Iskenderun's Battlesphe  Conj           0%           100%        5
 Lee's Rapid Deconstruct  Erth           0%           100%        5
 Lightning Bolt           Conj/Air       0%           100%        5
 Silence                  Hex/Air        0%           100%        5
 Yara's Violent Unravell  Hex/Tmut       0%           100%        5
 Eringya's Noxious Bog    Tmut/Pois      0%           100%        6
 Invisibility             Hex            0%           100%        6
 Iron Shot                Conj/Erth      0%           100%        6
 Orb of Destruction       Conj           0%           100%        7
 Spellforged Servitor     Conj/Summ      0%           100%        7
 Discord                  Hex            0%           100%        8
 Dragon's Call            Summ           0%           100%        9
 Beastly Appendage        Tmut           Unusable     N/A         1
 Wereblood                Tmut           Unusable     N/A         2
 Spider Form              Tmut/Pois      Unusable     N/A         3
 Ice Form                 Ice/Tmut       Unusable     N/A         4
 Blade Hands              Tmut           Unusable     N/A         5
 Dragon Form              Tmut           Unusable     N/A         7

Dungeon Overview and Level Annotations

Branches:
Dungeon (13/15)            Temple (1/1) D:4            Lair (6/6) D:9
  Swamp (0/4) Lair:4        Snake (0/4) Lair:4        Slime (0/5) Lair:5
    Orc (0/2) D:9         Ossuary (visited)
 Vaults: D:13-14

Altars:
Ashenzari
Cheibriados
Dithmenos
Elyvilon
Fedhas
Gozag
Hepliaklqana
Kikubaaqudgha
Makhleb
Nemelex Xobeh
Okawaru
Qazlal
Ru
Sif Muna
Trog
Uskayaw
Vehumet
Wu Jian
Xom
Yredelemnul
Zin
The Shining One

Shops:
D:9 [   D:10 [

Annotations:
D:12 3 runed translucent doors, tv1990's ghost, adept FoMo
Lair:2 exclusion: oklob plant
Lair:4 3 runed translucent doors, exclusion: oklob plant, Murgh's ghost, journeyman MiBe
Lair:6 exclusion: ice statue


Innate Abilities, Weirdness & Mutations

You thrive by killing the living.
You are immune to poison.
You have sharp fingernails.
Your flesh is cold resistant. (rC+)
You are immune to negative energy. (rN+++)
You do not regenerate when monsters are visible.
You are immune to unholy pain and torment.
You can survive without breathing.


Message History

The death yak gores you but does no damage.
The death yak completely misses you.
You scratch the death yak but do no damage.
The death yak is heavily wounded.
The death yak gores you!
* * * LOW HITPOINT WARNING * * *
You are confused.
You feel invigorated. The death yak barely misses you.
The death yak gores you but does no damage.
You closely miss the death yak.
The death yak is heavily wounded.
The death yak misses you.
You're too confused to move!
The death yak gores you but does no damage.
The death yak gores you!!
* * * LOW HITPOINT WARNING * * *
You closely miss the death yak.
The death yak is heavily wounded.
The death yak misses you. The death yak gores you!!
You die...

≈≈)48[≈≈≈.≈....#.............###.
)≈≈≈≈.≈...#...........###...
≈≈≈≈≈≈≈≈...##.......###....#
≈≈≈≈..≈...###.......#.†.†.##
≈≈≈≈...≈≈≈# #.#.........†##.
≈≈≈≈.≈≈≈≈#####.#.......##..
≈≈..≈≈≈≈#.# #.....P..##...
...≈.≈≈..Y## #.......##....
..Y.≈≈.⌠.#@# #......###....
........YY## #.......P.PP..
.##..#.....###........P....
####......###..!....##...
#........#.......P.....
#P........(.P..........
###..=##...............
#...##............PP#
##P##..............P#


You could see 2 death yaks and an ice beast.

Vanquished Creatures
  Josephine (Lair:6)
  4 hydras
  A boulder beetle (D:13)
  2 centaur warriors (D:13)
  3 two-headed ogres
  3 death yaks
  Urug (Lair:5)
  4 skeletal warriors (D:13)
  2 unseen horrors
  2 bog bodies (Lair:4)
  2 ugly things
  A cyclops (D:11)
  6 elephants
  Psyche (D:8)
  8 black mambas
  A torpor snail (Lair:5)
  18 cane toads
  A gargoyle (D:12)
  11 komodo dragons
  5 rime drakes
  A kobold demonologist (D:11)
  3 trolls
  3 meliai (Lair:4)
  A queen bee (Lair:4)
  4 polar bears
  3 hornets (Lair:6)
  2 dream sheep (Lair:5)
  9 blink frogs
  A meliai zombie (D:9)
  12 wyverns
  A spriggan (D:10)
  5 wraiths
  79 yaks
  A steam dragon (Lair:4)
  4 basilisks
  Edmund (D:5)
  4 nagas (Lair:4)
  21 water moccasins
  Duvessa (D:7)
  An acid dragon (D:12)
  9 ice beasts
  5 orc warriors
  2 black bears
  A hornet zombie (D:6)
  2 sky beasts
  A necrophage (D:7)
  An eye of draining (D:13)
  10 wolves
  6 ogres
  8 centaurs
  A big kobold (D:8)
  18 bullfrogs
  Dowan (D:7)
  4 scorpions
  35 killer bees
  8 wights
  2 electric eels
  2 howler monkeys
  5 hounds
  3 quasits
  4 centaur zombies
  4 human zombies (Ossuary)
  4 jellies
  7 orc priests
  Crazy Yiuf (D:3)
  3 bullfrog skeletons
  8 orc wizards
  2 centaur skeletons
  Jessica (D:3)
  4 iguanas
  12 worker ants
  7 hell rats
  2 big kobold zombies (Ossuary)
  2 hound zombies
  3 mummies (Ossuary)
  A worker ant zombie (D:5)
  A howler monkey zombie (D:10)
  11 gnolls
  5 adders
  2 shadow imps (D:8)
  6 white imps
  2 ufetubi
  An ooze (D:1)
  A worm zombie (D:7)
  4 adder zombies
  An adder skeleton (D:4)
  6 worms
  A dart slug (D:2)
  4 leopard geckos
  39 orcs
  7 bats
  7 giant cockroaches
  2 gnoll zombies (Ossuary)
  12 hobgoblins
  10 jackals
  11 kobolds
  6 quokkas
  9 frilled lizards
  A giant cockroach zombie (D:5)
  3 goblins
  4 goblin zombies (Ossuary)
  4 hobgoblin zombies (Ossuary)
  4 jackal zombies (Ossuary)
  A kobold zombie (Ossuary)
  A leopard gecko zombie (D:5)
  An orc zombie (Ossuary)
  A quokka skeleton (D:4)
  4 quokka zombies (Ossuary)
  8 rats
  5 rat zombies (Ossuary)
  A butterfly (Lair:2)
609 creatures vanquished.

Vanquished Creatures (others)
  An orc priest (D:6)
  51 fungi
  121 plants
173 creatures vanquished.

Grand Total: 782 creatures vanquished

Notes
Turn   | Place    | Note
-------+----------+-------------------------------------------
     0 | D:1      | Borgoz the Ghoul Gladiator began the quest for the Orb.
     0 | D:1      | Reached XP level 1. HP: 17/17 MP: 0/0
   114 | D:1      | Reached XP level 2. HP: 25/25 MP: 1/1
   471 | D:1      | Reached XP level 3. HP: 30/30 MP: 2/2
   661 | D:2      | Reached skill level 1 in Armour
   671 | D:2      | Found an iron altar of Okawaru.
   686 | D:2      | Became a worshipper of Warmaster Okawaru
   914 | D:2      | Found a sparkling altar of Nemelex Xobeh.
   966 | D:2      | Reached XP level 4. HP: 38/38 MP: 3/3
  1382 | D:3      | Found a shadowy altar of Dithmenos.
  1479 | D:3      | Reached skill level 1 in Invocations
  1722 | D:3      | Noticed Jessica
  1729 | D:3      | Killed Jessica
  1730 | D:3      | Reached XP level 5. HP: 39/45 MP: 3/5
  1781 | D:3      | HP: 1/45 [worker ant (2)]
  2282 | D:3      | Found a runed translucent door.
  2283 | D:3      | Noticed Crazy Yiuf
  2666 | D:3      | Killed Crazy Yiuf
  2802 | D:4      | Reached * piety under Okawaru
  2803 | D:4      | Reached XP level 6. HP: 51/51 MP: 6/6
  3434 | D:4      | Found a staircase to the Ecumenical Temple.
  3447 | Temple   | Entered the Ecumenical Temple
  4180 | D:5      | Entered Level 5 of the Dungeon
  4185 | D:5      | Reached skill level 5 in Unarmed Combat
  4185 | D:5      | Reached XP level 7. HP: 59/59 MP: 7/7
  4470 | D:5      | Noticed Edmund
  4482 | D:5      | Killed Edmund
  4482 | D:5      | Reached ** piety under Okawaru
  4730 | D:5      | Reached skill level 5 in Fighting
  4787 | D:5      | Reached XP level 8. HP: 68/68 MP: 8/8
  4805 | D:5      | Found a hazy altar of Hepliaklqana.
  4836 | D:5      | Found a radiant altar of Vehumet.
  5450 | D:6      | Reached skill level 5 in Dodging
  6183 | D:7      | Reached XP level 9. HP: 71/77 MP: 6/9
  6206 | D:7      | Found a sand-covered staircase.
  6233 | Ossuary  | Entered an ossuary
  6352 | Ossuary  | Reached skill level 5 in Armour
  6390 | Ossuary  | Reached *** piety under Okawaru
  6792 | D:7      | Noticed Dowan
  6793 | D:7      | Noticed Duvessa
  6804 | D:7      | Killed Duvessa
  6814 | D:7      | Killed Dowan
  7091 | D:8      | Noticed Psyche
  7104 | D:8      | Killed Psyche
  7108 | D:8      | Received a gift from Okawaru
  7166 | D:8      | Found a snail-covered altar of Cheibriados.
  7484 | D:8      | Reached **** piety under Okawaru
  7510 | D:8      | Reached XP level 10. HP: 85/86 MP: 11/11
  7593 | D:8      | Found a stormy altar of Qazlal.
  7664 | D:8      | Got a bound brass ring
  7666 | D:8      | Identified the ring "Wecis" {rPois rF+ rN+} (You found it
                  | on level 8 of the Dungeon)
  7811 | D:9      | Found a bloodstained altar of Trog.
  7817 | D:9      | Found a snail-covered altar of Cheibriados.
  7880 | D:9      | Found Qerrea's Armour Boutique.
  7888 | D:9      | Bought a +0 buckler of reflection for 144 gold pieces
  8018 | D:9      | Reached skill level 1 in Shields
  8265 | D:9      | Found a staircase to the Lair.
  8359 | D:9      | Reached skill level 5 in Invocations
  8408 | D:9      | Found a staircase to the Orcish Mines.
  8813 | D:9      | Reached ***** piety under Okawaru
  9138 | D:9      | Noticed a purple ugly thing
  9156 | D:9      | Killed a purple ugly thing
  9156 | D:9      | Received a gift from Okawaru
  9157 | D:9      | Reached XP level 11. HP: 77/95 MP: 11/13
  9380 | D:10     | Entered Level 10 of the Dungeon
  9390 | D:10     | Killed an unseen horror
  9504 | D:10     | Noticed a two-headed ogre
  9511 | D:10     | Killed a two-headed ogre
  9593 | D:10     | Received a gift from Okawaru
  9873 | D:10     | Found Baceuwke's Antique Armour Boutique.
  9879 | D:10     | Noticed a two-headed ogre
  9885 | D:10     | Killed a two-headed ogre
  9897 | D:10     | Bought an encrusted leather armour for 168 gold pieces
  9902 | D:10     | Identified the +1 leather armour "Asaloh" {Will- Str+2
                  | Int+4} (You bought it in a shop on level 10 of the Dungeon)
 10266 | D:11     | Noticed a cyclops
 10285 | D:11     | Killed a cyclops
 10286 | D:11     | Reached skill level 10 in Unarmed Combat
 10764 | D:11     | Got a shimmering mace
 10765 | D:11     | Identified the +6 mace of Uro Fius {vorpal, rPois Will+}
                  | (You found it on level 11 of the Dungeon)
 11014 | D:12     | Reached skill level 5 in Shields
 11014 | D:12     | Reached XP level 12. HP: 106/106 MP: 14/14
 11270 | D:12     | Reached skill level 10 in Fighting
 11375 | D:12     | Noticed a hell knight
 11375 | D:12     | Noticed tv1990's ghost (adept FoMo)
 11376 | D:12     | Noticed a tengu reaver
 11390 | D:12     | Found a runed translucent gate.
 11390 | D:12     | Found a runed translucent gate.
 11567 | D:12     | Got a pair of bloodstained gloves
 11662 | D:12     | Identified the cursed -3 pair of gloves "Vyquhog" {rElec
                  | Int-5 SInv} (You found it on level 12 of the Dungeon)
 11855 | D:12     | Found a runed translucent gate.
 11857 | D:12     | Noticed a four-headed hydra
 11873 | D:12     | Killed a four-headed hydra
 11990 | D:12     | Got an encrusted trident
 12206 | D:13     | Received a gift from Okawaru
 12209 | D:13     | Got a twisted triple sword {god gift}
 12216 | D:13     | Identified the +5 triple sword "Lyethrum" {speed, rN+
                  | Int+4} (Okawaru gifted it to you on level 13 of the
                  | Dungeon)
 12220 | D:13     | Identified the +8 trident of Mastery {freeze, rF++} (You
                  | found it on level 12 of the Dungeon)
 12274 | D:13     | Noticed a centaur warrior
 12277 | D:13     | Noticed a boulder beetle
 12292 | D:13     | Killed a centaur warrior
 12304 | D:13     | Noticed a two-headed ogre
 12308 | D:13     | Killed a boulder beetle
 12315 | D:13     | Killed a two-headed ogre
 12440 | D:13     | Noticed a centaur warrior
 12455 | D:13     | Killed a centaur warrior
 12530 | D:13     | Received a gift from Okawaru
 12531 | D:13     | Reached XP level 13. HP: 22/116 MP: 12/15
 12539 | D:13     | Identified a +1 pair of boots of running (Okawaru gifted it
                  | to you on level 13 of the Dungeon)
 12811 | D:13     | HP: 1/116 [catoblepas (22)]
 13090 | Lair:1   | Entered Level 1 of the Lair of Beasts
 13216 | Lair:1   | Got a bloodstained ring mail
 13472 | Lair:1   | Identified the +0 ring mail of Gluttony {rN+} (You found it
                  | on level 1 of the Lair of Beasts)
 13515 | Lair:1   | Reached skill level 10 in Dodging
 14234 | Lair:2   | Identified Hiolosechid's Collected Works on Venomous Flight
 15065 | Lair:2   | Reached skill level 10 in Armour
 15470 | Lair:3   | Reached ****** piety under Okawaru
 15739 | Lair:3   | Received a gift from Okawaru
 15742 | Lair:3   | Got a glimmering mace {god gift}
 15743 | Lair:3   | Identified the +6 mace of the Blue Skies {vamp, rC+ SInv}
                  | (Okawaru gifted it to you on level 3 of the Lair of Beasts)
 16566 | Lair:4   | Reached XP level 14. HP: 127/127 MP: 16/16
 16650 | Lair:4   | Found a staircase to the Snake Pit.
 16809 | Lair:4   | Found a staircase to the Swamp.
 16821 | Lair:4   | Reached skill level 1 in Stealth
 17018 | Lair:4   | Found a runed translucent gate.
 17018 | Lair:4   | Found a runed translucent gate.
 17018 | Lair:4   | Found a runed translucent gate.
 17019 | Lair:4   | Noticed Murgh's ghost (journeyman MiBe)
 17075 | Lair:4   | Reached skill level 1 in Evocations
 17335 | Lair:4   | Received a gift from Okawaru
 17723 | Lair:4   | Received a gift from Okawaru
 19473 | Lair:5   | Noticed Urug
 19495 | Lair:5   | Killed Urug
 19855 | Lair:5   | Found a staircase to the Slime Pits.
 19931 | Lair:6   | Entered Level 6 of the Lair of Beasts
 19947 | Lair:5   | Received a gift from Okawaru
 20195 | Lair:6   | Noticed Josephine
 20207 | Lair:6   | Killed Josephine
 20911 | Lair:6   | Received a gift from Okawaru
 20954 | Lair:6   | Got an ivory demon trident {god gift}
 20955 | Lair:6   | Identified the +5 demon trident of Exchange {drain, *Drain
                  | +Fly rElec Stlth+} (Okawaru gifted it to you on level 6 of
                  | the Lair of Beasts)
 21022 | Lair:6   | Reached XP level 15. HP: 107/109 MP: 17/17
 21169 | Lair:6   | Slain by a death yak

Illustrated notes

Levels and vault maps discovered:
D:1:      minmay_arrival_four_circles, layout_basic, amcnicky_mini_pool_small,
          grunt_decor_arrowhead
D:2:      layout_rooms, general_overflow_altar, okawaru_ov_weapons_minmay
D:3:      layout_rooms, nicolae_dithmenos_shadow_blocks, uniq_jessica,
          uniq_crazy_yiuf_cottage
D:4:      layout_loops_ring, temple_hall, serial_aquarium,
          aquarium_bridge_square [aquarium_subvault_wall,
          aquarium_subvault_bridge, aquarium_subvault_window,
          aquarium_subvault_bridge], aquarium_bridge_long_joined
          [aquarium_subvault_bridge, aquarium_subvault_bridge,
          aquarium_subvault_bridge, aquarium_subvault_window,
          aquarium_subvault_window, aquarium_subvault_wall], aquarium_window_1,
          aquarium_window_3, aquarium_window_2, aquarium_window_fake,
          aquarium_view_2c, aquarium_pool_2
D:5:      layout_basic, nzn_hepliaklqana_mist_gate, old_standard_altar,
          minmay_fountain_box, uniq_edmund
D:6:      layout_basic
D:7:      layout_loops_ring, enter_ossuary_3, uniq_duvessa
D:8:      layout_basic, marbit_many_paths, basic_altar, uniq_psyche
D:9:      layout_grid_maze, chequers_temple_overflow_statue_of_worship,
          david_lair_shrubbed, erik_orc_2, serial_shops, nicolae_shop_crystal,
          st_stairs_7, minivault_1
D:10:     layout_cave_pools, serial_shops, shop, the_bakery
D:11:     layout_loops_ring, minmay_diced_spiral
D:12:     layout_basic, gammafunk_ghost_split
D:13:     layout_roguey
Temple:   regret_index_temple_waves
Lair:1:   layout_loops_ring, st_stairs_6, chequers_serial_rivers_micro_d,
          infiniplex_staircase_pool_2
Lair:2:   layout_gridlike, minmay_stone_trees_medium, minmay_stone_trees_small,
          serial_bayou_shore_a, lemuel_fruit_fields, minmay_lair_oklob_chamber
Lair:3:   layout_roguey, zaba_anthole, lemuel_fruit_tree
Lair:4:   regret_index_wax_grids, layout_hall_layers, skrybe_swamp_entry_bodies,
          minmay_snake_entry_guardpost_small, gammafunk_ghost_necromancy,
          lookout_lair_type, minmay_lair_oklob_bushes
Lair:5:   layout_cave_shapes, dpeg_slime_entry_corner, uniq_urug
Lair:6:   hangedman_lair_tendril_chambers, layout_hall_layers, wormcave,
          ice2_lemuel, uniq_josephine

Skill      XL: |  1  2  3  4  5  6  7  8  9 10 11 12 13 14 15 |
---------------+----------------------------------------------+-----
Dodging        | 3 4 5 6 7 8 9 10 11 | 11.9
Armour         | 1 2 3 4 5 7 8 9 10 11 | 11.6
Fighting       | 3 4 5 6 7 8 9 11 12 13 | 13.0
Unarmed Combat | 4 5 6 8 9 10 11 12 13 | 13.2
Invocations    | 1 2 3 5 |  5.0
Shields        | 3 5 |  5.0
Stealth        | 4 |  4.7
Evocations     | 3 |  3.5
Throwing       | |  1.7

Action                   |  1- 3 |  4- 6 |  7- 9 | 10-12 | 13-15 || total
-------------------------+-------+-------+-------+-------+-------++-------
Melee: Unarmed           |   110 |   201 |   486 |   792 |  1121 ||  2710
       Punch             |       |     7 |    20 |       |       ||    27
Throw: Throwing net      |       |     2 |       |     2 |     1 ||     5
Invok: Heroism           |       |     1 |     6 |    17 |    20 ||    44
 Abil: Evoke Flight      |       |       |       |     2 |       ||     2
  Use: Scroll            |     5 |     7 |     6 |     8 |     7 ||    33
       Potion            |     3 |     2 |     1 |     7 |     4 ||    17
 Stab: Invisible         |       |       |     2 |       |       ||     2
       Held in net/web   |       |       |       |     1 |       ||     1
Armor: Leather armour    |    20 |    42 |    12 |       |       ||    74
       Ring mail         |       |       |   162 |   222 |   318 ||   702
Dodge: Dodged            |    79 |   152 |   331 |   479 |  1024 ||  2065
Block: Buckler           |       |       |       |   164 |   321 ||   485
       Reflection        |       |       |       |     5 |       ||     5
